 Dungeon Crawl Stone Soup version 0.30-a0-956-gcec3b41aec (webtiles) character file.

Game seed: 11909297206733730150

15436 ragingrage the Slicer (level 12, -7/84 HPs)
             Began as an Octopode Warper on Mar 30, 2023.
             Was an Initiate of Gozag.
             Mangled by an elephant (14 damage)
             ... on level 1 of the Lair of Beasts.
             The game lasted 00:21:21 (15076 turns).

ragingrage the Slicer (Octopode Warper)            Turns: 15076, Time: 00:21:22

Health: -7/84      AC:  5    Str: 10    XL:     12   Next: 27%
Magic:  24/24      EV: 18    Int: 15    God:    Gozag
Gold:   2045       SH:  0    Dex: 17    Spells: 1/15 levels left

rFire   + . .      SeeInvis .    b - +4 rapier (speed)
rCold   x . .      Faith    .    (no shield)
rNeg    . . .      Spirit   .    (helmet restricted)
rPois   +          Reflect  .    (no amulet)
rElec   .          Rampage  .    d - +4 ring of protection
rCorr   .                        p - ring of poison resistance
Will    ++...                    t - ring of magical power
Stlth   ++++++                   G - ring of willpower
HPRegen 0.34/turn                J - ring of willpower
MPRegen 0.19/turn                m - ring of fire
                                 (no ring)
                                 (no ring)

@: no status effects
A: almost no armour, amphibious, 8 rings, camouflage 1, gelatinous body 1,
(nimble swimmer 1), tentacles
a: Renounce Religion, Potion Petition, Call Merchant, Bribe Branch


You were on level 1 of the Lair of Beasts.
You worshipped Gozag.
Gozag was most pleased with you.
You visited 3 branches of the dungeon, and saw 14 of its levels.

You collected 2148 gold pieces.
You spent 33 gold pieces at shops.
You paid 70 gold pieces to Gozag.

Inventory:

Hand Weapons
 a - a +3 dagger of venom
 b - a +4 rapier of speed (weapon)
 f - a +2 dagger of draining
 M - a +3 scimitar
 Q - a +2 scimitar of flaming
Missiles
 n - 6 boomerangs of dispersal
 y - 26 poisoned darts (quivered)
 A - 8 curare-tipped darts
 E - 17 boomerangs
Jewellery
 d - a +4 ring of protection (left tentacle)
 m - a ring of fire (on tentacle)
 p - a ring of poison resistance (right tentacle)
 t - a ring of magical power (on tentacle)
 G - a ring of willpower (on tentacle)
 J - a ring of willpower (on tentacle)
Wands
 q - a wand of iceblast (1)
 B - a wand of paralysis (6)
 H - a wand of mindburst (3)
 L - a wand of polymorph (8)
Scrolls
 c - a scroll of torment {unknown}
 e - a scroll of summoning
 h - 3 scrolls of blinking
 l - 4 scrolls of magic mapping
 o - 4 scrolls of teleportation
 r - 2 scrolls of poison
 u - a scroll of noise {unknown}
 w - a scroll of enchant armour {unknown}
 D - 2 scrolls of immolation
 F - 3 scrolls of amnesia
 O - a scroll of vulnerability {unknown}
 P - a scroll of identify
 S - a scroll of fog {unknown}
Potions
 g - 2 potions of invisibility
 i - 3 potions of brilliance
 j - 3 potions of might
 k - a potion of attraction {unknown}
 s - 2 potions of magic {unknown}
 v - a potion of heal wounds {unknown}
 x - 2 potions of ambrosia {unknown}
 C - 3 potions of curing
 K - a potion of mutation {unknown}
 N - 2 potions of haste {unknown}
 R - a potion of berserk rage {unknown}


   Skills:
 - Level 8.5 Fighting
 - Level 10.0(10.4) Short Blades
 - Level 4.6(7.9) Long Blades
 - Level 1.0 Throwing
 - Level 8.7 Dodging
 - Level 10.0 Stealth
 - Level 2.0 Spellcasting
 + Level 7.3 Translocations
 - Level 1.7 Transmutations
 - Level 1.8 Fire Magic
 - Level 2.2 Poison Magic
 - Level 5.7 Evocations


You had one spell level left.
You knew the following spells:

 Your Spells              Type           Power      Damage    Failure   Level
a - Blink                 Tloc           46%        N/A       1%          2
b - Lesser Beckoning      Tloc           46%        N/A       1%          2
c - Vhi's Electric Charg  Tloc/Air       24%        N/A       16%         3
d - Manifold Assault      Tloc           23%        N/A       11%         4
e - Ignite Poison         Fire/Tmut/Pois 11%        N/A       30%         3

Your spell library contained the following spells:

 Spells                   Type           Power      Damage    Failure   Level
 Freeze                   Ice            4%         1d3       22%         1
 Teleport Other           Tloc           23%        N/A       3%          3
 Frozen Ramparts          Ice            2%         1d1       54%         3
 Hailstorm                Conj/Ice       1%         3d3       54%         3
 Olgreb's Toxic Radiance  Pois           8%         N/A       65%         4
 Sticky Flame             Conj/Fire      6%         2d3       83%         4
 Ozocubu's Refrigeration  Ice            0%         4d7       100%        7
 Ignition                 Fire           5%         3d4       100%        8


Dungeon Overview and Level Annotations

Branches:
Dungeon (12/15)            Temple (1/1) D:5            Lair (1/5) D:11
    Orc (0/2) D:9

Altars:
Ashenzari
Dithmenos
Elyvilon
Fedhas
Gozag
Hepliaklqana
Kikubaaqudgha
Makhleb
Nemelex Xobeh
Okawaru
Qazlal
Uskayaw
Wu Jian
Xom
Zin
The Shining One

Shops:
D:4 !   D:8 *   D:9 *   D:11 (

Annotations:
D:1 exclusion: downstairs
D:5 exclusion: 2 downstairs
D:6 4 runed translucent doors
D:11 exclusion: downstairs
Lair:1 2 runed translucent doors


Innate Abilities, Weirdness & Mutations

You cannot wear most types of armour.
You are amphibious.
You can wear up to eight rings at the same time.
Your skin changes colour to match your surroundings (Stealth+).
Your rubbery body absorbs attacks. (AC +1, EV +1)
((You are camouflaged when in or above water. (Stealth+)))
You have tentacles for arms and can constrict up to eight enemies at once.


Message History

The elephant tramples you!
You stumble backwards!
You hit the elephant but do no damage. The elephant completely misses you.
The elephant trunk-slaps you but does no damage.
You hit the elephant but do no damage. You hit the elephant.
You squeeze the elephant, but do no damage.
The elephant barely misses you.
The elephant trunk-slaps you but does no damage.
You hit the elephant. You squeeze the elephant. You barely miss the elephant.
The elephant barely misses you. The elephant closely misses you.
The elephant tramples you!
You hold your ground!
The elephant barely misses you.
You see here 20 gold pieces.
You hit the elephant but do no damage. You hit the elephant.
You squeeze the elephant! The elephant barely misses you. x4
You hit the elephant but do no damage. You hit the elephant.
You squeeze the elephant, but do no damage.
The elephant tramples you!
* * * LOW HITPOINT WARNING * * *
You hold your ground!
The elephant trunk-slaps you but does no damage.
The elephant barely misses you. x2
The elephant attacks as you move away! The elephant tramples you!
* * * LOW HITPOINT WARNING * * *
The elephant trunk-slaps you.
* * * LOW HITPOINT WARNING * * *
The elephant tramples you.
* * * LOW HITPOINT WARNING * * *
You hold your ground!
The elephant trunk-slaps you but does no damage.
Unknown command.
Casting: Blink (safe; 1% risk of failure)
You blink.
Unknown command.
You feel stable enough to blink again. The elephant tramples you!
You die...
Your body crumbles into a pile of gold.

[........### P.# #Y........
........## #.## ...........
........# ..P #..........
........## #.# #..Y.......
.........# ##.# #Y.........
........## #..# #..........
........P#####..#######.$..)(....
...........$$(.Y.................
#.#...####.###.#@####P###..#####
###.## #Y# ###..# ### #.## ##
#.## #Y## #.# #..# #.# #.## $
####..####.# #..# .).
###.##..Y..Y.########.###### #..
#........###................. ≈≈.
###.##.####...#....########.#
+#### ####.# ##.#####.#


You could see 3 elephants.

Vanquished Creatures
  Snorg (D:11)
  A boulder beetle (D:11)
  4 two-headed ogres
  Erica (D:9)
  An ugly thing (D:11)
  2 elephants (Lair:1)
  A black mamba (Lair:1)
  2 kobold demonologists (D:10)
  A cane toad (Lair:1)
  A komodo dragon (D:11)
  A troll (D:10)
  A hornet (D:11)
  Sigmund (D:3)
  7 yaks
  3 wraiths
  2 wyverns
  3 steam dragons
  3 acid dragons
  5 water moccasins
  A swamp drake (D:9)
  An ice beast (D:7)
  6 orc warriors
  A sky beast (D:7)
  2 black bears
  2 ogres (D:5)
  3 centaurs
  6 kobold brigands
  5 bullfrogs
  6 scorpions
  9 wights
  16 killer bees
  7 howler monkeys
  3 jellies (D:4)
  5 hounds
  4 orc priests
  2 gnoll boudas (D:6)
  A sleepcap (D:3)
  An iguana (D:4)
  11 orc wizards
  Ijyb (D:3)
  Natasha (thrice) (D:2)
  5 hell rats (Lair:1)
  Robin (D:3)
  12 gnolls
  8 adders
  A shadow imp (D:8)
  2 ufetubi (D:7)
  3 worms
  4 dart slugs
  44 orcs
  3 endoplasms (D:1)
  2 giant cockroaches
  17 goblins
  10 hobgoblins
  7 quokkas
  12 ball pythons
  2 bats
  22 kobolds
  5 rats
297 creatures vanquished.

Vanquished Creatures (others)
  16 fungi
  5 plants
  26 withered plants
47 creatures vanquished.

Grand Total: 344 creatures vanquished

Notes
Turn   | Place    | Note
-------+----------+-------------------------------------------
     0 | D:1      | ragingrage the Octopode Warper began the quest for the Orb.
     0 | D:1      | Reached XP level 1. HP: 14/14 MP: 3/3
    66 | D:1      | Reached skill level 1 in Stealth
   251 | D:1      | Reached XP level 2. HP: 19/19 MP: 5/5
  1112 | D:2      | Noticed Natasha
  1157 | D:2      | Reached XP level 3. HP: 19/24 MP: 6/6
  1179 | D:2      | Learned a level 2 spell: Blink
  1182 | D:2      | Learned a level 2 spell: Lesser Beckoning
  1263 | D:2      | Identified the +7 mace "Vuawos" {antimagic, rElec Will-
                  | rCorr}
  1837 | D:2      | Killed Natasha
  1838 | D:2      | Reached skill level 1 in Short Blades
  1838 | D:2      | Reached XP level 4. HP: 29/29 MP: 7/7
  2085 | D:2      | Noticed Natasha
  2093 | D:2      | Killed Natasha
  3191 | D:2      | Noticed Natasha
  3203 | D:2      | Killed Natasha
  3204 | D:2      | Reached XP level 5. HP: 33/34 MP: 2/8
  3315 | D:3      | Noticed Ijyb
  3345 | D:3      | Killed Ijyb
  3399 | D:3      | Noticed Robin
  3462 | D:3      | Noticed Sigmund
  3482 | D:4      | Reached XP level 6. HP: 39/39 MP: 9/9
  3747 | D:4      | Found a hide-covered altar of Uskayaw.
  3751 | D:4      | Noticed a water moccasin
  3781 | D:4      | Killed a water moccasin
  3782 | D:4      | Reached skill level 5 in Short Blades
  3820 | D:4      | Reached XP level 7. HP: 17/45 MP: 10/10
  3938 | D:3      | Found a faded altar of an unknown god.
  4714 | D:4      | Found Ecirrub's Distillery.
  4724 | D:4      | Bought a potion of lignification for 33 gold pieces
  5191 | D:5      | Entered Level 5 of the Dungeon
  5203 | D:5      | Reached XP level 8. HP: 49/50 MP: 11/11
  5438 | D:5      | Found a staircase to the Ecumenical Temple.
  5448 | Temple   | Entered the Ecumenical Temple
  5478 | Temple   | Became a worshipper of Gozag Ym Sagoz the Greedy
  5603 | D:5      | Found a large runed translucent door.
  5603 | D:5      | Found a large runed translucent door.
  6119 | D:6      | Found a large runed translucent door.
  6120 | D:6      | Found a large runed translucent door.
  6122 | D:6      | Noticed a cyclops
  6139 | D:6      | Noticed a yak
  6144 | D:6      | Killed a yak
  6145 | D:6      | Reached skill level 1 in Evocations
  6145 | D:6      | Reached XP level 9. HP: 55/55 MP: 12/12
  6358 | D:6      | Found a large runed translucent door.
  6358 | D:6      | Found a large runed translucent door.
  7046 | D:6      | Noticed a two-headed ogre
  7082 | D:6      | Killed a two-headed ogre
  7083 | D:6      | Reached skill level 5 in Stealth
  7819 | D:7      | Learned a level 3 spell: Vhi's Electric Charge
  7824 | D:7      | Learned a level 4 spell: Manifold Assault
  8005 | D:7      | Reached XP level 10. HP: 65/65 MP: 13/13
  8007 | D:7      | Reached skill level 5 in Fighting
  8007 | D:7      | Reached skill level 5 in Dodging
  8441 | D:8      | Found Refebale's Assorted Antiques.
  8795 | D:8      | Reached skill level 10 in Short Blades
  9020 | D:8      | You fall into a shaft and drop 3 floors!
  9027 | D:10     | Entered Level 10 of the Dungeon
  9272 | D:10     | Found a stormy altar of Qazlal.
 10289 | D:9      | Found Peptuihe's General Store.
 10748 | D:9      | Noticed Erica
 10756 | D:10     | Noticed a kobold demonologist
 11164 | D:3      | Killed Sigmund
 11443 | D:3      | Killed Robin
 11542 | D:5      | Found a sparkling altar of Nemelex Xobeh.
 11555 | D:5      | Found a burning altar of Makhleb.
 11762 | D:9      | Reached XP level 11. HP: 58/75 MP: 14/14
 11839 | D:9      | Killed Erica
 11840 | D:9      | Reached skill level 10 in Stealth
 11851 | D:9      | Found a staircase to the Orcish Mines.
 12146 | D:10     | Found an iron altar of Okawaru.
 12439 | D:10     | Reached skill level 5 in Translocations
 12846 | D:10     | You fall into a shaft and drop 2 floors!
 12922 | D:11     | Noticed a two-headed ogre
 12927 | D:11     | Noticed Snorg
 12944 | D:11     | Found a staircase to the Lair.
 12956 | D:11     | Noticed a red ugly thing
 12981 | D:11     | Killed Snorg
 13044 | D:11     | Killed a red ugly thing
 13081 | D:11     | Killed a two-headed ogre
 13082 | D:11     | Reached skill level 5 in Evocations
 13277 | D:11     | Found Jiqophee's Antique Weapon Shop.
 13343 | D:11     | Noticed a two-headed ogre
 13369 | D:11     | Killed a two-headed ogre
 13502 | D:11     | Noticed a boulder beetle
 13519 | D:11     | Killed a boulder beetle
 14141 | D:11     | Learned a level 3 spell: Ignite Poison
 14180 | D:12     | Noticed a purple ugly thing
 14280 | D:12     | Noticed a two-headed ogre
 14283 | D:12     | Killed a two-headed ogre
 14284 | D:12     | Reached skill level 1 in Transmutations
 14284 | D:12     | Reached skill level 1 in Fire Magic
 14284 | D:12     | Reached skill level 1 in Poison Magic
 14284 | D:12     | Reached XP level 12. HP: 84/84 MP: 15/15
 14328 | Lair:1   | Entered Level 1 of the Lair of Beasts
 14628 | Lair:1   | Found a large runed translucent door.
 14628 | Lair:1   | Found a large runed translucent door.
 15065 | Lair:1   | HP: 3/84 [elephant (2)]
 15076 | Lair:1   | Mangled by an elephant

Illustrated notes

Levels and vault maps discovered:
D:1:      minmay_arrival_checkered_box, layout_loops_corners, minmay_liquid_box
D:2:      layout_basic, uniq_natasha
D:3:      layout_rooms, ebering_ecumenical_altar_petrified,
          chequers_serial_rivers_large_b, nrook_mini_vaults,
          serial_bayou_pond_b, minmay_statues_item, minivault_25, uniq_ijyb,
          uniq_robin, uniq_sigmund
D:4:      cheibrodos_thug_alley, layout_rooms, serial_shops,
          nicolae_lakefront_shop, minmay_misc_feat_encased, minivault_23,
          minmay_ruined_shrine
D:5:      layout_cave_pools, jmf_multi_god_temple2,
          minmay_temple_entry_mini_moons, nicolae_eternal_life,
          kennysheep_generic_room_7
D:6:      layout_cave_pools, minmay_hollow_rounded_squares
D:7:      layout_loops_ring, minmay_strange_pillars
D:8:      kennysheep_steamy, layout_basic, nicolae_stop_n_shop_1,
          corexii_corridor_pit, kennysheep_doodads
D:9:      layout_loops_cross, erik_orc_1, serial_shops, shop, uniq_erica
D:10:     layout_irregular_city, kennysheep_okawaru_gauntlet,
          mainiacjoe_overflow_brackets, grunt_livestock
D:11:     layout_long_grid, lair_entry_dummy, serial_shops,
          nicolae_shop_crystal, uniq_snorg
D:12:     layout_gridville
Temple:   compressed_dpeg_circular_temple
Lair:1:   layout_small_grid, ebering_ghost_disaster_area,
          pdpol_lair_neglected_garden, st_stairs_12,
          chequers_serial_rivers_large_a, grunt_megastairs_5

Skill      XL: |  1  2  3  4  5  6  7  8  9 10 11 12 |
---------------+-------------------------------------+-----
Stealth        | 1 2 3 7 9 10 | 10.0
Long Blades    | 3 4 |  4.6
Short Blades   | 1 2 4 5 7 9 10 | 10.0
Translocations | 4 6 7 |  7.3
Evocations     | 1 4 5 |  5.7
Dodging        | 4 7 8 |  8.7
Fighting       | 4 7 8 |  8.5
Transmutations | 1 |  1.7
Fire Magic     | 1 |  1.8
Poison Magic   | 1 2 |  2.2
Throwing       | |  1.0
Spellcasting   | |  2.0

Action                     |  1- 3 |  4- 6 |  7- 9 | 10-12 || total
---------------------------+-------+-------+-------+-------++-------
  Melee: Falchion          |    71 |       |       |       ||    71
         Constrict         |    18 |    16 |    70 |    61 ||   165
         Tentacles         |    15 |    12 |    72 |   142 ||   241
         Dagger            |     2 |    78 |   258 |    80 ||   418
         Mace              |       |     6 |       |       ||     6
         Punch             |       |     2 |     5 |     7 ||    14
         Unarmed           |       |       |     8 |       ||     8
         Rapier            |       |       |     7 |   419 ||   426
  Throw: Boomerang         |       |       |     1 |       ||     1
         Dart              |       |       |    19 |    27 ||    46
   Cast: Blink             |       |     3 |       |     5 ||     8
         Lesser Beckoning  |       |       |       |     1 ||     1
  Evoke: Wand              |       |     1 |       |    10 ||    11
    Use: Potion            |       |     2 |     1 |     2 ||     5
         Scroll            |       |       |     4 |     7 ||    11
   Stab: Sleeping          |    10 |     3 |    13 |    20 ||    46
         Distracted        |       |       |     4 |     2 ||     6
 Armour: Skin              |    16 |    29 |    51 |    50 ||   146
  Dodge: Dodged            |    37 |    61 |   115 |   224 ||   437

Table legend: (Time is in decaauts)
 A = Elapsed time spent in this place.
 B = Non-inter-level travel time spent in this place.
 C = Inter-level travel time spent in this place.
 D = Time resting spent in this place.
 E = Time spent auto-exploring this place.
 F = Levels seen in this place.
 G = Mean time per level.
                   A        B        C        D        E       F      G
               +--------+--------+--------+--------+--------+-----+--------+
         Total |  14714 |  13879 |    835 |   2624 |   8711 |  14 | 1051.0 |
       Dungeon |  13952 |  13132 |    820 |   2227 |   8580 |  12 | 1162.7 |
        Temple |     45 |     30 |     15 |      0 |     15 |   1 |   45.0 |
          Lair |    715 |    715 |      0 |    396 |    116 |   1 |  715.0 |
               +--------+--------+--------+--------+--------+-----+--------+

Top non-repeatable levels by time:
     D:2: 2204 daAuts
     D:9: 1422 daAuts
    D:10: 1418 daAuts
     D:4: 1384 daAuts
    D:11: 1331 daAuts
     D:5: 1256 daAuts
     D:6: 1199 daAuts
     D:1: 1035 daAuts
     D:7: 965 daAuts
     D:3: 886 daAuts
     D:8: 733 daAuts
  Lair:1: 715 daAuts
    D:12: 114 daAuts
  Temple: 45 daAuts
